cohdb
Replays
Latest Replays
All Replays
Popular Replays
Top Player Replays
Match Explorer
How It Works
Community
CoH3 Stats
Reddit
Sign in to upload your games and track your stats! →
Sign in with Steam
Match 42314411
Unlisted
Match 42314411
Overview
Messages
Build Orders
End
Kradschützen Motorcycle Team
Selects Panzerjäger Kommand Battlegroup
Selects Mine Fields
Panzergrenadier Squad
Panzerpioneer Squad
Panzergrenadier Squad
Panzergrenadier Squad
Construct Light Support Kompanie
Fire Support Elements
Selects Defensive Positions
Flakvierling Half-track
Panzerjäger Mechanized Group
Selects Tank Busters
Panzerpioneer Squad
Construct Panzerarmee Kommand
Panzer III L Medium Tank
Selects Butterfly Bomb Drop
Selects Crew Shock Tactics
Butterfly Bomb Drop
Emergency Repair Kits
Butterfly Bomb Drop
Panzer III L Medium Tank
Hanwoomul
K. Ronaldo
HulkSMASH
⚓️Ruby⚓
0
0
Comments
sign in to comment!
No comments posted yet!